TOP OF THE 1ST |
Chicago (NYP) White Sox batting - Pitching for Spokane Indians : RHP Erik Sever
|
Pitching: RHP Erik Sever
|
|
Batting: SHB Ruben Velasco Jr.
|
0-0: Ball 1-0: Ball 2-0: Foul Ball, location: 2F 2-1: Swinging Strike 2-2: Ball 3-2: Strikes out looking
|
Batting: LHB Matt Hyde
|
0-0: Called Strike 0-1: Foul Ball, location: 2F 0-2: Ball 1-2: Strikes out looking
|
Batting: LHB Josh Pittman
|
0-0: Ball 1-0: Foul Ball, location: 2F 1-1: Foul Ball, location: 2F 1-2: Foul Ball, location: 2F 1-2: Foul Ball, location: 2F 1-2: Foul Ball, location: 2F 1-2: Ball 2-2: Ball 3-2: Base on Balls
|
Batting: LHB Larry Myers
|
0-0: SINGLE (Groundball, 3D, EV 95.0 MPH) Josh Pittman to second Runner from 2nd tries for 3rd, OUT! 9-5
|
Top of the 1st over - 0 runs, 1 hit, 0 errors, 1 left on base; Chicago (NYP) 0 - Spokane 0 |
BOTTOM OF THE 1ST |
Spokane Indians batting - Pitching for Chicago (NYP) White Sox : RHP Travis Stump
|
Pitching: RHP Travis Stump
|
|
Batting: RHB Dennis Daniels
|
0-0: Called Strike 0-1: Swinging Strike 0-2: Foul Ball, location: 2F 0-2: Fly out, F9 (Flyball, 9D, EV 78.8 MPH)
|
Batting: LHB Ben Radach
|
0-0: Called Strike 0-1: Called Strike 0-2: Ball 1-2: Ground out 6-3 (Groundball, 56, EV 78.1 MPH)
|
Batting: LHB Gabriel Graves
|
0-0: Called Strike 0-1: Ball 1-1: Ball 2-1: Swinging Strike 2-2: Strikes out swinging
|
Bottom of the 1st over - 0 runs, 0 hits, 0 errors, 0 left on base; Chicago (NYP) 0 - Spokane 0 |
TOP OF THE 2ND |
Chicago (NYP) White Sox batting - Pitching for Spokane Indians : RHP Erik Sever
|
Batting: RHB Vic Lucatero
|
0-0: Fly out, F8 (Line Drive, 8RM, EV 88.1 MPH)
|
Batting: LHB Adam Tarbutton
|
0-0: Called Strike 0-1: Ball 1-1: Ball 2-1: SINGLE (Groundball, 6M, EV 87.5 MPH) (infield hit)
|
Batting: RHB Victor Orozco
|
0-0: Called Strike 0-1: Ball 1-1: Foul Ball, location: 2F 1-2: Foul Ball, location: 2F 1-2: Ball 2-2: Fielders Choice at 2nd, 2-4 (Groundball, 15S, EV 73.1 MPH)
|
Batting: RHB Blake Kelly
|
0-0: Ball 1-0: Swinging Strike 1-1: Ball Pickoff Throw by Catcher to First - Out!
|
Top of the 2nd over - 0 runs, 1 hit, 0 errors, 0 left on base; Chicago (NYP) 0 - Spokane 0 |
BOTTOM OF THE 2ND |
Spokane Indians batting - Pitching for Chicago (NYP) White Sox : RHP Travis Stump
|
Batting: RHB Dale Aubrey
|
0-0: Ball 1-0: Swinging Strike 1-1: Called Strike 1-2: Strikes out swinging
|
Batting: RHB Roberto Contreras
|
0-0: SINGLE (Groundball, 56S, EV 61.2 MPH) (infield hit)
|
Batting: RHB Shoh Tanioka
|
0-0: Called Strike Pickoff Throw to First - Error! E1 Roberto Contreras to second 0-1: Ball Roberto Contreras steals 3rd base 1-1: Ball 2-1: Ball 3-1: Base on Balls
|
Batting: RHB Gavin Fimple
|
0-0: Ball 1-0: 3-RUN HOME RUN (Flyball, 89XD, EV 109.4 MPH), Distance : 402 ft
|
Batting: LHB Jose Baez
|
0-0: Ground out U3 (Groundball, 34, EV 91.2 MPH)
|
Batting: RHB Zi-jing Wang
|
0-0: Ball 1-0: Ball 2-0: Ball 3-0: Called Strike 3-1: Base on Balls
|
Batting: RHB Dennis Daniels
|
0-0: Called Strike Zi-jing Wang steals 2nd base 0-1: Ball 1-1: Ground out U3 (Groundball, 3, EV 78.8 MPH)
|
Bottom of the 2nd over - 3 runs, 2 hits, 1 error, 1 left on base; Chicago (NYP) 0 - Spokane 3 |
TOP OF THE 3RD |
Chicago (NYP) White Sox batting - Pitching for Spokane Indians : RHP Erik Sever
|
Batting: RHB Blake Kelly
|
0-0: Ball 1-0: Ball 2-0: Ground out 3-1 (Groundball, 34, EV 85.0 MPH)
|
Batting: RHB Carsten Koers
|
0-0: Ball 1-0: Called Strike 1-1: Ball 2-1: Ball 3-1: Foul Ball, location: 2F 3-2: Strikes out swinging
|
Batting: SHB Ruben Velasco Jr.
|
0-0: Called Strike 0-1: Ball 1-1: Called Strike 1-2: Foul Ball, location: 2F 1-2: Strikes out swinging
|
Top of the 3rd over - 0 runs, 0 hits, 0 errors, 0 left on base; Chicago (NYP) 0 - Spokane 3 |
BOTTOM OF THE 3RD |
Spokane Indians batting - Pitching for Chicago (NYP) White Sox : RHP Travis Stump
|
Batting: LHB Ben Radach
|
0-0: Called Strike 0-1: Swinging Strike 0-2: Foul Ball, location: 2F 0-2: SINGLE (Groundball, 56D, EV 95.0 MPH)
|
Batting: LHB Gabriel Graves
|
0-0: Ball 1-0: Ball 2-0: Called Strike 2-1: Ball 3-1: Fielders Choice at 2nd, 2-6 (Groundball, 13S, EV 76.2 MPH)
|
Batting: RHB Dale Aubrey
|
0-0: Called Strike Gabriel Graves steals 2nd base 0-1: Swinging Strike 0-2: Ball 1-2: Strikes out swinging
|
Batting: RHB Roberto Contreras
|
0-0: Ball 1-0: SINGLE (Groundball, 6D, EV 103.8 MPH) Gabriel Graves to third Runner from 3rd tries for Home, SAFE, throw by CF to home
|
Batting: RHB Shoh Tanioka
|
0-0: Called Strike 0-1: Swinging Strike 0-2: Ground out 5-3 (Groundball, 56S, EV 80.6 MPH)
|
Bottom of the 3rd over - 1 run, 2 hits, 0 errors, 1 left on base; Chicago (NYP) 0 - Spokane 4 |
TOP OF THE 4TH |
Chicago (NYP) White Sox batting - Pitching for Spokane Indians : RHP Erik Sever
|
Batting: LHB Matt Hyde
|
0-0: SINGLE (Line Drive, 3D, EV 94.4 MPH)
|
Batting: LHB Josh Pittman
|
Balk! Matt Hyde to second 0-0: Ball 1-0: Foul Ball, location: 2F 1-1: Fly out, F9 (Flyball, 9LS, EV 76.9 MPH)
|
Batting: LHB Larry Myers
|
0-0: Ball 1-0: Ball 2-0: Foul Ball, location: 2F 2-1: Ball 3-1: Base on Balls
|
Batting: RHB Vic Lucatero
|
0-0: Called Strike 0-1: Fly out, F9 (Flyball, 89D, EV 96.9 MPH) Runner from 2nd tags up, SAFE at 3rd, no throw by RF
|
Batting: LHB Adam Tarbutton
|
Balk! Matt Hyde scores Larry Myers to second 0-0: Swinging Strike 0-1: Ball Wild Pitch! Larry Myers to third 1-1: Ball 2-1: Swinging Strike 2-2: Fly out, F8 (Line Drive, 8RD, EV 100.6 MPH)
|
Top of the 4th over - 1 run, 1 hit, 0 errors, 1 left on base; Chicago (NYP) 1 - Spokane 4 |
BOTTOM OF THE 4TH |
Spokane Indians batting - Pitching for Chicago (NYP) White Sox : RHP Travis Stump
|
Batting: RHB Gavin Fimple
|
0-0: Ball 1-0: SOLO HOME RUN (Flyball, 7LD, EV 93.1 MPH), Distance : 348 ft
|
Pitching: RHP Alexis Trujillo
|
|
Batting: LHB Jose Baez
|
0-0: Called Strike 0-1: Ground out 6-3 (Groundball, 6, EV 88.1 MPH)
|
Batting: RHB Zi-jing Wang
|
0-0: Fly out, F8 (Flyball, 8LM, EV 90.0 MPH)
|
Batting: RHB Dennis Daniels
|
0-0: Foul Ball, location: 2F 0-1: Ball 1-1: Called Strike 1-2: Ball 2-2: Foul Ball, location: 2F 2-2: Ball 3-2: Foul Ball, location: 2F 3-2: Foul Ball, location: 2F 3-2: SINGLE (Line Drive, 89M, EV 110.6 MPH)
|
Batting: LHB Ben Radach
|
0-0: Called Strike 0-1: Foul Ball, location: 2F 0-2: Fly out, F5 (Popup, 56, EV 61.9 MPH)
|
Bottom of the 4th over - 1 run, 2 hits, 0 errors, 1 left on base; Chicago (NYP) 1 - Spokane 5 |
TOP OF THE 5TH |
Chicago (NYP) White Sox batting - Pitching for Spokane Indians : RHP Erik Sever
|
Batting: RHB Victor Orozco
|
0-0: Ball 1-0: Called Strike 1-1: Foul Ball, location: 2F 1-2: Ball 2-2: Ball 3-2: Ground out 6-3 (Groundball, 6, EV 85.6 MPH)
|
Batting: RHB Blake Kelly
|
0-0: Ball 1-0: Ground out 5-3 (Groundball, 56, EV 100.0 MPH)
|
Batting: RHB Carsten Koers
|
0-0: Called Strike 0-1: Ground out 4-3 (Groundball, 4D, EV 97.5 MPH)
|
Top of the 5th over - 0 runs, 0 hits, 0 errors, 0 left on base; Chicago (NYP) 1 - Spokane 5 |
BOTTOM OF THE 5TH |
Spokane Indians batting - Pitching for Chicago (NYP) White Sox : RHP Alexis Trujillo
|
Batting: LHB Gabriel Graves
|
0-0: Ball 1-0: Foul Ball, location: 2F 1-1: Called Strike 1-2: Ball 2-2: Strikes out looking
|
Batting: RHB Dale Aubrey
|
0-0: Called Strike 0-1: Swinging Strike 0-2: Strikes out looking
|
Batting: RHB Roberto Contreras
|
0-0: Ball 1-0: DOUBLE (Line Drive, 9LD, EV 103.1 MPH)
|
Batting: RHB Shoh Tanioka
|
0-0: Called Strike 0-1: Ball 1-1: Ground out 6-3 (Groundball, 56, EV 90.6 MPH)
|
Bottom of the 5th over - 0 runs, 1 hit, 0 errors, 1 left on base; Chicago (NYP) 1 - Spokane 5 |
TOP OF THE 6TH |
Chicago (NYP) White Sox batting - Pitching for Spokane Indians : RHP Erik Sever
|
Batting: SHB Ruben Velasco Jr.
|
0-0: Called Strike 0-1: Ball 1-1: Ball 2-1: SINGLE (Line Drive, 89M, EV 110.6 MPH)
|
Batting: LHB Matt Hyde
|
0-0: Ball 1-0: Called Strike 1-1: Foul Ball, location: 2F 1-2: Foul Ball, location: 2F 1-2: Fly out, F9 (Line Drive, 89M, EV 91.9 MPH)
|
Batting: LHB Josh Pittman
|
0-0: Called Strike 0-1: Ball 1-1: Swinging Strike 1-2: Ball 2-2: Ball 3-2: Ground out 6-3 (Groundball, 6M, EV 76.9 MPH) Ruben Velasco Jr. to second
|
Batting: LHB Larry Myers
|
0-0: Foul Ball, location: 2F 0-1: Foul Ball, location: 2F 0-2: Ground out 4-3 (Groundball, 4, EV 83.8 MPH)
|
Top of the 6th over - 0 runs, 1 hit, 0 errors, 1 left on base; Chicago (NYP) 1 - Spokane 5 |
BOTTOM OF THE 6TH |
Spokane Indians batting - Pitching for Chicago (NYP) White Sox : RHP Alexis Trujillo
|
Batting: RHB Gavin Fimple
|
0-0: Ball 1-0: Called Strike 1-1: Ground out 5-3 (Groundball, 56, EV 110.0 MPH)
|
Batting: LHB Jose Baez
|
0-0: SINGLE (Groundball, 34D, EV 95.0 MPH)
|
Batting: RHB Zi-jing Wang
|
0-0: Ball Jose Baez steals 2nd base (no throw) 1-0: SINGLE (Groundball, 56D, EV 84.4 MPH) (infield hit) Jose Baez to third
|
Batting: RHB Dennis Daniels
|
0-0: Called Strike 0-1: Ball Zi-jing Wang is caught stealing 2nd base 2-4 1-1: Ball 2-1: Called Strike 2-2: Foul Ball, location: 2F 2-2: Strikes out swinging
|
Bottom of the 6th over - 0 runs, 2 hits, 0 errors, 1 left on base; Chicago (NYP) 1 - Spokane 5 |
TOP OF THE 7TH |
Chicago (NYP) White Sox batting - Pitching for Spokane Indians : RHP Erik Sever
|
Batting: RHB Vic Lucatero
|
0-0: Foul Ball, location: 2F 0-1: Foul Ball, location: 2F 0-2: Ball 1-2: Foul Ball, location: 2F 1-2: Strikes out swinging
|
Batting: LHB Adam Tarbutton
|
0-0: Ball 1-0: Foul Ball, location: 2F 1-1: Called Strike 1-2: Foul Ball, location: 2F 1-2: Ball 2-2: Strikes out swinging
|
Batting: RHB Victor Orozco
|
0-0: Swinging Strike 0-1: Ball 1-1: SINGLE (Groundball, 6MD, EV 95.6 MPH)
|
Pitching: RHP Adam Sullivan
|
|
Batting: RHB Blake Kelly
|
0-0: Called Strike 0-1: Ball 1-1: Ball 2-1: Ball 3-1: Foul Ball, location: 2F 3-2: DOUBLE (Flyball, 8RD, EV 103.8 MPH) Victor Orozco to third Victor Orozco scores
|
Pinch Hitting: LHB Ryan Dyal
|
0-0: Ball 1-0: Foul Ball, location: 2F 1-1: Called Strike 1-2: Ball 2-2: Strikes out swinging
|
Top of the 7th over - 1 run, 2 hits, 0 errors, 1 left on base; Chicago (NYP) 2 - Spokane 5 |
BOTTOM OF THE 7TH |
Spokane Indians batting - Pitching for Chicago (NYP) White Sox : RHP Alexis Trujillo
|
Pitching: LHP Martin Cotado
|
|
Now at SS: Ryan Dyal
|
|
Batting: RHB Josh Hamilton
|
0-0: Foul Ball, location: 2F 0-1: Ball 1-1: Ball 2-1: Swinging Strike 2-2: Strikes out swinging
|
Pinch Hitting: RHB George King
|
0-0: Swinging Strike 0-1: Called Strike 0-2: Strikes out swinging
|
Pitching: LHP Jerry Woods
|
|
Batting: RHB Dale Aubrey
|
0-0: Reached on error, E6 (Flyball, 6D, EV 90.0 MPH)
|
Batting: RHB Roberto Contreras
|
0-0: Called Strike 0-1: Called Strike Dale Aubrey is caught stealing 2nd base 2-4
|
Bottom of the 7th over - 0 runs, 0 hits, 1 error, 0 left on base; Chicago (NYP) 2 - Spokane 5 |
TOP OF THE 8TH |
Chicago (NYP) White Sox batting - Pitching for Spokane Indians : RHP Adam Sullivan
|
Now at 2B: Knud Prins
|
|
Batting: SHB Ruben Velasco Jr.
|
0-0: Called Strike 0-1: Ball 1-1: Ball 2-1: Ground out 4-3 (Groundball, 4, EV 86.2 MPH)
|
Batting: LHB Matt Hyde
|
0-0: Foul Ball, location: 2F 0-1: Ground out U3 (Groundball, 3, EV 89.4 MPH)
|
Batting: LHB Josh Pittman
|
0-0: Ball 1-0: TRIPLE (Line Drive, 78XD, EV 97.5 MPH)
|
Batting: LHB Larry Myers
|
0-0: Ball 1-0: Called Strike 1-1: Called Strike 1-2: Foul Ball, location: 2F 1-2: Strikes out looking
|
Top of the 8th over - 0 runs, 1 hit, 0 errors, 1 left on base; Chicago (NYP) 2 - Spokane 5 |
BOTTOM OF THE 8TH |
Spokane Indians batting - Pitching for Chicago (NYP) White Sox : LHP Jerry Woods
|
Batting: RHB Roberto Contreras
|
0-0: Swinging Strike 0-1: Ball 1-1: Called Strike 1-2: Foul Ball, location: 2F 1-2: Ball 2-2: Strikes out swinging
|
Batting: RHB Shoh Tanioka
|
0-0: Fly out, F8 (Flyball, 8RXD, EV 90.0 MPH)
|
Batting: RHB Gavin Fimple
|
0-0: Ball 1-0: Ball 2-0: Ball 3-0: Base on Balls
|
Batting: LHB Jose Baez
|
0-0: Called Strike 0-1: Ball 1-1: Ball 2-1: Called Strike 2-2: Ball 3-2: Foul Ball, location: 2F 3-2: Strikes out swinging
|
Bottom of the 8th over - 0 runs, 0 hits, 0 errors, 1 left on base; Chicago (NYP) 2 - Spokane 5 |
TOP OF THE 9TH |
Chicago (NYP) White Sox batting - Pitching for Spokane Indians : RHP Adam Sullivan
|
Pitching: LHP Ryan Fulford
|
|
Now at 1B: Tony Mendez
|
|
Batting: RHB Vic Lucatero
|
0-0: SOLO HOME RUN (Flyball, 78XD, EV 95.6 MPH), Distance : 389 ft
|
Pinch Hitting: RHB Mark Jones
|
0-0: Ball 1-0: Called Strike 1-1: Ground out 1-3 (Groundball, 15S, EV 68.1 MPH)
|
Batting: RHB Victor Orozco
|
0-0: Foul Ball, location: 2F 0-1: Called Strike 0-2: Strikes out looking
|
Batting: RHB Blake Kelly
|
0-0: Ball 1-0: Called Strike 1-1: Ball 2-1: Ball 3-1: Foul Ball, location: 2F 3-2: Foul Ball, location: 2F 3-2: Strikes out looking
|
Top of the 9th over - 1 run, 1 hit, 0 errors, 0 left on base; Chicago (NYP) 3 - Spokane 5 |
|